 Dungeon Crawl Stone Soup version 0.30-a0-389-g8d7d949f56 (webtiles) character file.

Game seed: 8827195528645890148

267 bande the Covered (level 6, -4/38 HPs)
             Began as a Gargoyle Fighter on Dec 4, 2022.
             Blown up by Ijyb (20 damage)
             ... with a mindburst bolt
             ... on level 3 of the Dungeon.
             The game lasted 00:05:21 (2783 turns).

bande the Covered (Gargoyle Fighter)                Turns: 2783, Time: 00:05:22

Health: -4/38      AC: 11    Str: 19    XL:     6   Next: 21%
Magic:  6/6        EV:  9    Int:  9    God:
Gold:   698        SH:  4    Dex: 11    Spells: 5/5 levels left

rFire   . . .      SeeInvis .    a - +0 war axe
rCold   . . .      Faith    .    c - +0 buckler
rNeg    + . .      Spirit   .    b - +0 scale mail
rPois   ∞          Reflect  .    (no helmet)
rElec   +          Harm     .    (no cloak)
rCorr   .          Rampage  .    (no gloves)
Will    .....                    (no boots)
Stlth   ..........               (no amulet)
HPRegen 0.26/turn                (no ring)
MPRegen 0.10/turn                (no ring)

@: no status effects
A: sickness immunity, AC +4, negative energy resistance 1, electricity
resistance, torment resistance 1, petrification resistance
a: no special abilities


You were on level 3 of the Dungeon.
You visited 1 branch of the dungeon, and saw 3 of its levels.

You collected 698 gold pieces.

Inventory:

Hand Weapons
 a - a +0 war axe (weapon)
 s - a +0 flail
Armour
 b - a +0 scale mail (worn)
 c - a +0 buckler (worn)
Wands
 e - a wand of digging (2)
Scrolls
 f - a scroll of poison
 k - 2 scrolls of identify
Potions
 d - a potion of might
 g - 2 potions of ambrosia {unknown}
 h - a potion of lignification {unknown}
 i - a potion of mutation {unknown}
 j - a potion of berserk rage {unknown}
 n - 2 potions of invisibility {unknown}
 p - 3 potions of cancellation
 q - a potion of magic {unknown}


   Skills:
 + Level 4.2 Fighting
 + Level 4.2 Axes
 + Level 4.5 Armour
 + Level 3.7 Shields
 * Level 0.5 Evocations


You had 5 spell levels left.
You didn't know any spells.
Your spell library contained the following spells:

 Spells                   Type           Power      Damage    Failure   Level
 Poisonous Vapours        Pois/Air       0%         N/A       93%         2
 Mephitic Cloud           Conj/Pois/Air  0%         N/A       99%         3
 Cigotuvi's Dreadful Rot  Necr/Pois/Air  Unusable   N/A       N/A         2

Dungeon Overview and Level Annotations

Branches:
Dungeon (3/15)

Altars:
Cheibriados
Kikubaaqudgha
Wu Jian

Annotations:
D:3 Ijyb


Innate Abilities, Weirdness & Mutations

You are immune to sickness and miasma.
Your stone body is resilient. (AC +4)
You are immune to poison.
You resist negative energy. (rN+)
You are resistant to electric shocks. (rElec)
You are resistant to unholy torment.
You are immune to petrification.


Message History

Found an ornate altar of the Wu Jian Council.
Things that are here:
a +0 hand axe; a +0 scale mail; an orc skeleton
Things that are here:
a +0 dagger; a +0 whip; a hobgoblin corpse
Items here: )) [[ †.
Things that are here:
a +0 short sword; a goblin corpse You see here a +0 club.
You see here a +0 club.
Key pressed, stopping explore.
There is an open door here.
Ijyb the Twisted Goblin comes into view.
She is wielding a +0 club and carrying a wand of mindburst (15).
Ijyb shouts!
There is a stone staircase leading up here.
Ijyb throws a stone.
The stone hits you.
Ijyb zaps a wand.
You barely resist. You barely miss Ijyb.
Ijyb zaps a wand.
Your mind is blasted!
You completely miss Ijyb.
Ijyb grins evilly.
Ijyb hits you but does no damage.
You slash Ijyb!
Ijyb is moderately wounded.
Ijyb zaps a wand.
You barely resist. Ijyb hits you with a +0 club.
You barely miss Ijyb.
Ijyb is moderately wounded.
Ijyb hits you with a +0 club.
You are too injured to fight recklessly!
You are too injured to fight recklessly!
You are too injured to fight recklessly!
Unknown command.
You hit Ijyb but do no damage.
Ijyb is moderately wounded.
Ijyb screams, "It's all mine!"
Ijyb hits you with a +0 club.
You barely miss Ijyb.
Ijyb is moderately wounded.
Ijyb closely misses you.
Ijyb zaps a wand.
Your mind is blasted!
Ouch! That really hurt!
You die...

...............)#....#.....######
.............##...##.#.#......###
..........†..)...................
...........................##.###
.########..######.............#
.# #.#.## ##........#.##.### .#
####.###..##.##..#.##.... ##
#######.##g....##....######
.........#@.##.............
............######.........
........##<.######.........
.................#......###
.................#......#
######...........#.#....##
#...........#.#.##..##
#...............###...
#..^.........#### #...


You could see Ijyb.

Vanquished Creatures
  Natasha (thrice) (D:3)
  Robin (D:3)
  7 adders
  2 worms (D:2)
  3 dart slugs
  10 orcs
  6 bats
  7 endoplasms
  2 giant cockroaches (D:1)
  9 goblins
  8 hobgoblins
  7 jackals
  5 quokkas
  8 ball pythons
  9 kobolds
  7 rats
94 creatures vanquished.

Notes
Turn   | Place    | Note
-------+----------+-------------------------------------------
     0 | D:1      | bande the Gargoyle Fighter began the quest for the Orb.
     0 | D:1      | Reached XP level 1. HP: 14/14 MP: 1/1
     1 | D:1      | You fall into a shaft and drop 1 floor!
    80 | D:2      | Found a snail-covered altar of Cheibriados.
    88 | D:2      | Reached XP level 2. HP: 19/19 MP: 2/2
   485 | D:1      | Reached XP level 3. HP: 22/23 MP: 3/3
  1227 | D:2      | Reached XP level 4. HP: 26/29 MP: 4/4
  2079 | D:3      | Noticed Natasha
  2083 | D:3      | Reached XP level 5. HP: 33/33 MP: 5/5
  2092 | D:3      | Killed Natasha
  2107 | D:3      | Noticed Natasha
  2116 | D:3      | Killed Natasha
  2126 | D:3      | Noticed Natasha
  2138 | D:3      | Killed Natasha
  2185 | D:3      | Identified a scroll of acquirement
  2185 | D:3      | Acquired 554 gold pieces
  2399 | D:3      | Reached XP level 6. HP: 37/38 MP: 6/6
  2502 | D:3      | Noticed Robin
  2509 | D:3      | Killed Robin
  2580 | D:3      | Found an ancient bone altar of Kikubaaqudgha.
  2582 | D:3      | Found an ornate altar of the Wu Jian Council.
  2773 | D:3      | Noticed Ijyb
  2783 | D:3      | Blown up by Ijyb

Illustrated notes

Levels and vault maps discovered:
D:1:      tarquinn_simple_flora_water_e, layout_basic
D:2:      layout_basic, basic_altar, kennysheep_generic_room_16
D:3:      layout_basic, nicolae_overflow_hidden_temple, uniq_ijyb, uniq_robin,
          uniq_natasha

Skill      XL: |  1  2  3  4  5 |
---------------+----------------+-----
Axes           | 2 3 4 |  4.2
Armour         | 4 |  4.5
Fighting       | 4 |  4.2
Shields        | |  3.7
Evocations     | |  0.5

Action                   |  1- 3 |  4- 6 || total
-------------------------+-------+-------++-------
Melee: War axe           |    94 |   125 ||   219
  Use: Scroll            |       |     7 ||     7
Armor: Scale mail        |    57 |    74 ||   131
Dodge: Dodged            |    57 |    86 ||   143
Block: Buckler           |    20 |    22 ||    42

Table legend: (Time is in decaauts)
 A = Elapsed time spent in this place.
 B = Non-inter-level travel time spent in this place.
 C = Inter-level travel time spent in this place.
 D = Time resting spent in this place.
 E = Time spent auto-exploring this place.
 F = Levels seen in this place.
 G = Mean time per level.
                   A        B        C        D        E       F      G
               +--------+--------+--------+--------+--------+-----+--------+
         Total |   2867 |   2786 |     81 |    259 |   1892 |   3 |  955.7 |
       Dungeon |   2867 |   2786 |     81 |    259 |   1892 |   3 |  955.7 |
               +--------+--------+--------+--------+--------+-----+--------+

Top non-repeatable levels by time:
     D:2: 1191 daAuts
     D:1: 929 daAuts
     D:3: 746 daAuts
